 Dungeon Crawl Stone Soup version 0.16-a0-2702-gfff482a (webtiles) character file.

42 PolkaDot the Caller (level 3, 0/27 HPs)
             Began as a Vampire Summoner on Nov 25, 2014.
             Slain by Grinder (3 damage)
             ... while paralysed by Grinder
             ... on level 3 of the Dungeon.
             The game lasted 00:03:42 (1857 turns).

PolkaDot the Caller (Vampire Summoner)              Turns: 1857, Time: 00:03:42

Health: 0/27       AC:  2    Str:  7    XL:     3   Next: 35%
Magic:  3/6        EV:  2    Int: 18    God:
Gold:   86         SH:  0    Dex: 14    Spells: 3 memorised, 0 levels left

rFire  . . .     SeeInvis +     d - +0 spear
rCold  . . .     Clarity  .     a - +0 robe
rNeg   . . .     SustAb   .     (no shield)
rPois  .         Gourm    .     (no helmet)
rElec  .         Spirit   .     (no cloak)
rCorr  .         Warding  .     (no gloves)
rMut   .         Stasis   .     (no boots)
MR     .....                    (no amulet)
Stlth  ++........               (no ring)
                                (no ring)

@: paralysed, regenerating very quickly, not resistant to hostile enchantments,
unstealthy
A: bottle blood, fangs 3, see invisible, unbreathing
a: no special abilities


You were on level 3 of the Dungeon.
You were almost alive.

You visited 1 branch of the dungeon, and saw 3 of its levels.

You collected 86 gold pieces.

Inventory:

Hand weapons
 d - a +0 spear (weapon)
Armour
 a - a +0 robe (worn)
Scrolls
 c - a scroll of fear
 e - a scroll of identify
 f - a scroll of recharging {unknown}
 g - 2 scrolls of teleportation
 j - a scroll of noise {unknown}
 k - a scroll of remove curse {unknown}
 l - a scroll of enchant weapon {unknown}
Potions
 h - a potion of blood {@*1}
Books
 b - a book of Callings

   Spells                             Type                      Level
   *Summon Small Mammal               Summoning                    1
   *Call Imp                          Summoning                    2
   *Call Canine Familiar              Summoning                    3
   Summon Guardian Golem              Hexes/Summoning              4
   Summon Lightning Spire             Summoning/Air                4
   Summon Ice Beast                   Ice/Summoning                4
 m - a book of Envenomations

   Spells                             Type                      Level
   Spider Form                        Transmutation/Poison         3
   Alistair's Intoxication            Transmutation/Poison         4
   Olgreb's Toxic Radiance            Poison                       4
   Poisonous Cloud                    Conjuration/Poison/Air       6


   Skills:
 * Level 1.8 Fighting
 + Level 2.9 Dodging
 - Level 3.0 Stealth
 - Level 2.0 Spellcasting
 + Level 4.2 Summonings


You couldn't memorise any spells.
You knew the following spells:

 Your Spells              Type           Power        Failure   Level  Hunger
a - Summon Small Mammal   Summ           ###.         3%          1    #......
d - Call Canine Familiar  Summ           ###.....     12%         3    ###....
s - Call Imp              Summ           ###.....     6%          2    ###....


Dungeon Overview and Level Annotations

Branches:
Dungeon (3/15)

Altars:
Ashenzari

Annotations:
D:3 Grinder


Innate Abilities, Weirdness & Mutations

Your natural rate of healing is extremely fast.
You can bottle blood from corpses.
You have razor-sharp teeth.
You have supernaturally acute eyesight.
You can survive without breathing.


Message History

You can move again.
Grinder gestures.
Grinder blinks!
Grinder gestures at you. Pain shoots through your body!
* * * LOW HITPOINT WARNING * * *
Read which item? (? for menu, Esc to quit)
As you read the scroll labeled KODUSI COTZO, it crumbles to dust.
You assume a fearsome visage.
Grinder is unaffected.
It was a scroll of fear.
Read which item? (? for menu, Esc to quit)
As you read the scroll labeled BLOLIE RIUXT, it crumbles to dust.
It is a scroll of identify.
Identify which item? (\ to view known items) (? for menu, Esc to quit)
g - 2 scrolls of teleportation Grinder gestures at you.
You suddenly lose the ability to move!
Grinder hits you!
* * * LOW HITPOINT WARNING * * *
You writhe in agony.
You die...

####. #.#.... ...#....
.....##.#..####...###..
.........#...⌠.##+#..⌠..
#.#.....#...........
..####.#...####........##
#.....).......#..........
#.###...#.....+..._...'..
#...>...5.#...#.......#..
#####...@.#####.......##.
...######.#.....#.........#.
..........#.....#⌠..#+.#.⌠#.
##.######.#####.####...####.
#.#####....#...#....
#..........#...#....
##########.#.#.#...#
#...[....## ####.#...#


You could see Grinder.

Vanquished Creatures
  An ooze (D:1)
  An orc (D:3)
  6 giant cockroaches
  A hobgoblin (D:1)
  2 quokkas (D:2)
  2 ball pythons
  4 bats
  3 giant newts
  4 goblins
  2 jackals (D:2)
  2 kobolds (D:1)
  9 rats
37 creatures vanquished.

Vanquished Creatures (collateral kills)
  An adder (D:2)
  A kobold (D:1)
2 creatures vanquished.

Vanquished Creatures (others)
  A quokka (D:3)
1 creature vanquished.

Grand Total: 40 creatures vanquished

Notes
Turn   | Place    | Note
--------------------------------------------------------------
     0 | D:1      | PolkaDot, the Vampire Summoner, began the quest for the Orb.
     0 | D:1      | Reached XP level 1. HP: 13/13 MP: 3/3
   527 | D:1      | Reached XP level 2. HP: 12/20 MP: 4/4
   533 | D:1      | Learned a level 2 spell: Call Imp
   554 | D:1      | Reached skill level 1 in Fighting
  1288 | D:2      | Reached XP level 3. HP: 26/26 MP: 6/6
  1508 | D:2      | Learned a level 3 spell: Call Canine Familiar
  1731 | D:3      | Found a shattered altar of Ashenzari.
  1816 | D:3      | Noticed Grinder
  1831 | D:3      | Paralysed by Grinder for 5 turns
  1843 | D:3      | Paralysed by Grinder for 7 turns
  1854 | D:3      | Paralysed by Grinder for 7 turns
  1857 | D:3      | Slain by Grinder

Action                   || total
-------------------------++-------
Melee: Unarmed           ||    28
       Spear             ||   114
 Cast: Summon Small Mamm ||     5
       Call Imp          ||     4
       Call Canine Famil ||     1
  Use: Potion            ||     7
       Scroll            ||     2
 Stab: Sleeping          ||     5
  Eat: Corpse            ||     9
